 Dungeon Crawl Stone Soup version 0.24.0-123-gd5b16e6ec5 (console) character file.

Game seed: 16517886873605068712, levelgen mode: deterministic

4497 Ignak the Thaumaturge (level 10, 0/74 HPs)
             Began as a Gnoll Wizard on Dec 19, 2019.
             Was a Priest of Sif Muna.
             Slain by a death yak (23 damage)
             ... on level 8 of the Dungeon.
             The game lasted 00:39:34 (10375 turns).

Ignak the Thaumaturge (Gnoll Wizard)               Turns: 10375, Time: 00:39:35

Health: 0/74       AC: 12    Str:  9    XL:     10   Next: 38%
Magic:  5/22       EV: 13    Int: 25    God:    Sif Muna [***...]
Gold:   340        SH:  5    Dex: 13    Spells: 15/26 levels left

rFire    + . .     SeeInvis .   a - staff of poison
rCold    + . .     Gourm    .   r - +0 buckler
rNeg     . . .     Faith    .   y - +3 ring mail
rPois    +         Spirit   .   m - +0 helmet
rElec    .         Reflect  .   (no cloak)
rCorr    .         Harm     .   B - +0 pair of gloves
MR       .....                  g - +0 pair of boots
Stlth    +++.......             x - amulet of regeneration
HPRegen  0.62/turn              n - ring of protection from fire
MPRegen  0.18/turn              w - ring of protection from cold

@: no status effects
A: distributed training, fangs 1, strong nose
a: Channel Magic, Forget Spell, Renounce Religion


You were on level 8 of the Dungeon.
You worshipped Sif Muna.
Sif Muna was most pleased with you.
You were not hungry.

You visited 2 branches of the dungeon, and saw 10 of its levels.

You collected 340 gold pieces.

Inventory:

Hand Weapons
 b - a +4 trident
 A - a +2 falchion of holy wrath
Missiles
 s - 5 silver boomerangs (quivered)
Armour
 g - a +0 pair of boots (worn)
 m - a +0 helmet (worn)
 r - a +0 buckler (worn)
 y - a +3 ring mail (worn)
 B - a +0 pair of gloves (worn)
Magical Staves
 a - an uncursed staff of poison (weapon)
Jewellery
 c - an uncursed ring of poison resistance
 n - a ring of protection from fire (left hand)
 q - a +2 ring of intelligence
 w - a ring of protection from cold (right hand)
 x - an amulet of regeneration (around neck)
 C - an uncursed ring of protection from fire
 F - a +5 amulet of reflection
 H - a cursed +3 ring of dexterity
Wands
 G - a wand of disintegration (15)
Scrolls
 f - 2 scrolls of identify
 i - 5 scrolls of remove curse
 k - a scroll of teleportation
 t - 2 scrolls of enchant weapon
 u - 4 scrolls of magic mapping
 v - a scroll of noise
 E - 4 scrolls of fog
Potions
 e - 2 potions of curing
 h - a potion of degeneration
 j - 5 potions of heal wounds
 l - a potion of brilliance
 o - a potion of agility
 p - a potion of flight
 z - a potion of haste
 D - a potion of magic
Comestibles
 d - 14 rations


   Skills:
 + Level 5.1 Fighting
 + Level 5.1 Short Blades
 + Level 5.1 Long Blades
 + Level 5.1 Axes
 + Level 5.1 Maces & Flails
 + Level 5.1 Polearms
 + Level 5.1 Staves
 + Level 5.1 Slings
 + Level 5.1 Bows
 + Level 5.1 Crossbows
 + Level 5.1 Throwing
 + Level 5.1 Armour
 + Level 7.0 Dodging
 + Level 6.7 Stealth
 + Level 5.1 Shields
 + Level 5.1 Unarmed Combat
 + Level 8.9 Spellcasting
 + Level 4.8 Conjurations
 + Level 4.2 Hexes
 + Level 4.2 Charms
 + Level 4.8 Summonings
 + Level 4.2 Necromancy
 + Level 4.8 Translocations
 + Level 4.2 Transmutations
 + Level 4.2 Fire Magic
 + Level 4.2 Ice Magic
 + Level 4.2 Air Magic
 + Level 4.2 Earth Magic
 + Level 4.2 Poison Magic
 + Level 5.6 Invocations
 + Level 5.1 Evocations


You had 15 spell levels left.
You knew the following spells:

 Your Spells              Type           Power        Failure   Level  Hunger
a - Magic Dart            Conj           ####         1%          1    None
b - Blink                 Tloc           N/A          3%          2    None
c - Conjure Flame         Conj/Fire      ####....     6%          3    None
d - Mephitic Cloud        Conj/Pois/Air  ######..     7%          3    None
e - Call Imp              Summ           #####...     3%          2    None

Your spell library contained the following spells:

 Spells                   Type           Power        Failure   Level  Hunger
 Slow                     Hex            ####....     3%          2    None


Dungeon Overview and Level Annotations

Branches:
Dungeon (9/15)             Temple (1/1) D:4            Lair (0/6) D:9
    Orc: D:9-12

Altars:
Ashenzari
Cheibriados
Dithmenos
Fedhas
Gozag
Kikubaaqudgha
Makhleb
Okawaru
Ru
Sif Muna
Trog
Uskayaw
Wu Jian
Xom
Zin
The Shining One


Innate Abilities, Weirdness & Mutations

Your experience applies equally to all skills.
You have very sharp teeth.
Your uncanny sense of smell can sniff out nearby items.


Message History

The death yak is heavily wounded.
The death yak is engulfed in blazing flames.
The death yak gores you.
* * * LOW HITPOINT WARNING * * *
Press: ? - help, v - describe, . - travel
Here: a death yak (flame, severely wounded, poisoned)
An open door.
You hit the death yak.
The death yak is severely wounded.
The death yak looks more healthy.
The death yak is engulfed in blazing flames.
The death yak misses you.
Press: ? - help, v - describe, . - travel
Here: a death yak (flame, almost dead)
An open door.
You hit the death yak but do no damage.
The death yak is almost dead.
The death yak is engulfed in blazing flames.
The death yak gores you!!
You die...

#.# ##.# #.<..(...# #.# #..#
#Yr.#.##.# #.## ##.'##
###r#.#.##.# #..# ##....##
#...#...##.# #####.# #......##
#Y#####.##.#
....#.###...^...###r..#...##.#
#[..#.##)......○.####.#..###.#
.......'........○Yrr.........#
......##........@####....#####
##..#####≈≈.≈≈#.## ##.#.#
###.# #)≈.≈)### ###.# ....#
#≈≈.≈≈# #)# ##### #..8..# #.#
# #.8_8.##########(# #
#..8..#.......##.# #
#############.##.#
###########....######.##.#


You could see a death yak, a hell rat and a porcupine.

Vanquished Creatures
  A death yak (D:8)
  A hornet (D:8)
  Prince Ribbit (D:7)
  A hippogriff (D:8)
  Sigmund (D:4)
  Menkaure (D:6)
  A porcupine (D:8)
  An orc warrior (D:6)
  A black bear (D:6)
  An ice beast (D:5)
  A phantom (D:3)
  3 sky beasts
  A necrophage (D:8)
  3 ogres
  2 centaurs (D:8)
  2 bullfrogs
  A scorpion (D:6)
  A wyvern skeleton (D:7)
  A water moccasin skeleton (D:8)
  3 killer bees (D:7)
  3 wights (D:6)
  A howler monkey (D:8)
  6 crimson imps
  A centaur zombie (D:7)
  4 hounds
  A jelly (D:6)
  8 orc wizards
  A bullfrog skeleton (D:5)
  5 orc priests
  A centaur skeleton (D:4)
  2 iguanas
  2 worker ants
  A hound zombie (D:7)
  2 hound skeletons (D:5)
  A howler monkey skeleton (D:4)
  A gnoll (D:2)
  7 adders
  3 shadow imps
  An ooze (D:5)
  2 adder zombies
  An adder skeleton (D:2)
  A worm (D:4)
  3 dart slugs
  A leopard gecko (D:1)
  23 orcs
  A ball python (D:3)
  5 bats
  2 giant cockroaches
  8 goblins
  10 hobgoblins
  3 jackals
  6 kobolds
  A quokka (D:5)
  5 frilled lizards
  2 quokka skeletons
  6 rats
  2 butterflies (D:4)
161 creatures vanquished.

Vanquished Creatures (collateral kills)
  6 killer bees (D:7)
  A howler monkey (D:8)
  2 orc wizards
  2 worker ants
  A hound skeleton (D:5)
  2 gnolls (D:2)
  6 adders (D:2)
  An ooze (D:2)
  2 worms
  A dart slug (D:1)
  3 leopard geckos
  4 orcs
  A ball python (D:2)
  3 giant cockroaches
  3 goblins
  10 hobgoblins
  11 jackals
  A bat (D:3)
  A frilled lizard (D:4)
  2 kobolds
  A quokka skeleton (D:5)
  2 rats
66 creatures vanquished.

Vanquished Creatures (others)
  A plant (D:2)
1 creature vanquished.

Grand Total: 228 creatures vanquished

Notes
Turn   | Place    | Note
-------+----------+-------------------------------------------
     0 | D:1      | Ignak the Gnoll Wizard began the quest for the Orb.
     0 | D:1      | Reached XP level 1. HP: 13/13 MP: 8/8
    72 | D:1      | Reached XP level 2. HP: 5/19 MP: 1/10
   347 | D:1      | Learned a level 2 spell: Blink
   350 | D:1      | Learned a level 2 spell: Call Imp
   744 | D:1      | Reached XP level 3. HP: 17/25 MP: 8/11
   827 | D:1      | Learned a level 3 spell: Conjure Flame
   831 | D:1      | Learned a level 3 spell: Mephitic Cloud
  1261 | D:2      | Reached skill level 1 in Invocations
  1638 | D:2      | Reached skill level 1 in Fighting
  1638 | D:2      | Reached skill level 1 in Short Blades
  1638 | D:2      | Reached skill level 1 in Long Blades
  1638 | D:2      | Reached skill level 1 in Axes
  1638 | D:2      | Reached skill level 1 in Maces & Flails
  1638 | D:2      | Reached skill level 1 in Polearms
  1638 | D:2      | Reached skill level 1 in Staves
  1638 | D:2      | Reached skill level 1 in Slings
  1638 | D:2      | Reached skill level 1 in Bows
  1638 | D:2      | Reached skill level 1 in Crossbows
  1638 | D:2      | Reached skill level 1 in Throwing
  1638 | D:2      | Reached skill level 1 in Armour
  1638 | D:2      | Reached skill level 1 in Shields
  1638 | D:2      | Reached skill level 1 in Unarmed Combat
  1638 | D:2      | Reached skill level 1 in Evocations
  1641 | D:2      | Reached XP level 4. HP: 32/32 MP: 9/13
  2151 | D:2      | Reached skill level 1 in Hexes
  2151 | D:2      | Reached skill level 1 in Charms
  2151 | D:2      | Reached skill level 1 in Necromancy
  2151 | D:2      | Reached skill level 1 in Transmutations
  2151 | D:2      | Reached skill level 1 in Fire Magic
  2151 | D:2      | Reached skill level 1 in Ice Magic
  2151 | D:2      | Reached skill level 1 in Air Magic
  2151 | D:2      | Reached skill level 1 in Earth Magic
  2151 | D:2      | Reached skill level 1 in Poison Magic
  2164 | D:2      | Found a blossoming altar of Fedhas.
  2603 | D:2      | Reached XP level 5. HP: 28/37 MP: 11/14
  3643 | D:3      | Found a sacrificial altar of Ru.
  3755 | D:4      | Noticed Sigmund
  3764 | D:4      | Reached XP level 6. HP: 34/44 MP: 9/16
  3765 | D:4      | Found a staircase to the Ecumenical Temple.
  3769 | D:4      | Noticed a phantom
  3776 | D:4      | Killed Sigmund
  3776 | D:4      | Reached skill level 5 in Dodging
  3830 | D:3      | Killed a phantom
  3830 | D:3      | Reached XP level 7. HP: 22/50 MP: 7/18
  4043 | Temple   | Entered the Ecumenical Temple
  4078 | Temple   | Became a worshipper of Sif Muna the Loreminder
  4234 | D:4      | Found a shadowy altar of Dithmenos.
  5024 | D:5      | Entered Level 5 of the Dungeon
  5062 | D:5      | Reached skill level 5 in Stealth
  5129 | D:5      | Found a shattered altar of Ashenzari.
  5163 | D:5      | Reached XP level 8. HP: 51/57 MP: 11/19
  5982 | D:5      | Reached * piety under Sif Muna
  6229 | D:6      | Reached skill level 8 in Spellcasting
  6555 | D:6      | Reached XP level 9. HP: 65/65 MP: 14/21
  6888 | D:6      | Reached ** piety under Sif Muna
  6955 | D:6      | Found a bloodstained altar of Trog.
  7001 | D:6      | Noticed Menkaure
  7136 | D:6      | Killed Menkaure
  8363 | D:7      | Noticed Prince Ribbit
  8387 | D:7      | Killed Prince Ribbit
  9152 | D:8      | Noticed a hornet
  9181 | D:8      | Killed a hornet
  9181 | D:8      | Reached skill level 5 in Invocations
  9339 | D:8      | Found an iron altar of Okawaru.
  9343 | D:8      | Reached *** piety under Sif Muna
  9390 | D:8      | Reached XP level 10. HP: 73/73 MP: 22/22
 10146 | D:9      | Noticed a death yak
 10282 | D:9      | Found a staircase to the Lair.
 10282 | D:9      | Noticed a death yak
 10282 | D:9      | Noticed a death yak
 10308 | D:8      | Killed a death yak
 10308 | D:8      | Reached skill level 5 in Fighting
 10308 | D:8      | Reached skill level 5 in Short Blades
 10308 | D:8      | Reached skill level 5 in Long Blades
 10308 | D:8      | Reached skill level 5 in Axes
 10308 | D:8      | Reached skill level 5 in Maces & Flails
 10308 | D:8      | Reached skill level 5 in Polearms
 10308 | D:8      | Reached skill level 5 in Staves
 10308 | D:8      | Reached skill level 5 in Slings
 10308 | D:8      | Reached skill level 5 in Bows
 10308 | D:8      | Reached skill level 5 in Crossbows
 10308 | D:8      | Reached skill level 5 in Throwing
 10308 | D:8      | Reached skill level 5 in Armour
 10308 | D:8      | Reached skill level 5 in Shields
 10308 | D:8      | Reached skill level 5 in Unarmed Combat
 10308 | D:8      | Reached skill level 5 in Evocations
 10375 | D:8      | Slain by a death yak

Levels and vault maps discovered:
D:1:      onia_arrival_mini_spirals, layout_basic, minmay_misc_feat_doors
D:2:      cheibrodos_old_hovel, layout_loops_ring, lemuel_doored_altar,
          first_ration
D:3:      layout_basic, nicolae_ru_great_annihilating_truth
D:4:      layout_basic, minmay_temple_entry_butterflies,
          nicolae_dithmenos_shadow_blocks, uniq_sigmund
D:5:      minmay_octagon_keep, layout_basic, cheibrodos_ashenzari_chains
D:6:      layout_basic, trog_hazing_becter, uniq_menkaure
D:7:      layout_basic, uniq_prince_ribbit1
D:8:      layout_loops_corners, kennysheep_okawaru_gauntlet
D:9:      layout_cave_pools, grunt_temple_overflow_open, dpeg_lair_monsters,
          serial_column_ruins, column_ruins_grid_1, column_ruins_open_tiny,
          column_ruins_grid_3, column_ruins_grid_1, hangedman_fish_farm,
          nrook_mini_vaults, uniq_pikel, uniq_grum
Temple:   eino_narrow_crystal_temple

Skill      XL: |  1  2  3  4  5  6  7  8  9 10 |
---------------+-------------------------------+-----
Conjurations   | 2 3 4 |  4.8
Summonings     | 2 3 4 |  4.8
Translocations | 2 3 4 |  4.8
Invocations    | 1 2 3 4 5 |  5.6
Fighting       | 1 2 3 4 5 |  5.1
Short Blades   | 1 2 3 4 5 |  5.1
Long Blades    | 1 2 3 4 5 |  5.1
Axes           | 1 2 3 4 5 |  5.1
Maces & Flails | 1 2 3 4 5 |  5.1
Polearms       | 1 2 3 4 5 |  5.1
Staves         | 1 2 3 4 5 |  5.1
Slings         | 1 2 3 4 5 |  5.1
Bows           | 1 2 3 4 5 |  5.1
Crossbows      | 1 2 3 4 5 |  5.1
Throwing       | 1 2 3 4 5 |  5.1
Armour         | 1 2 3 4 5 |  5.1
Shields        | 1 2 3 4 5 |  5.1
Unarmed Combat | 1 2 3 4 5 |  5.1
Evocations     | 1 2 3 4 5 |  5.1
Hexes          | 1 2 3 4 |  4.2
Charms         | 1 2 3 4 |  4.2
Necromancy     | 1 2 3 4 |  4.2
Transmutations | 1 2 3 4 |  4.2
Fire Magic     | 1 2 3 4 |  4.2
Ice Magic      | 1 2 3 4 |  4.2
Air Magic      | 1 2 3 4 |  4.2
Earth Magic    | 1 2 3 4 |  4.2
Poison Magic   | 1 2 3 4 |  4.2
Dodging        | 5 6 7 |  7.0
Stealth        | 5 6 |  6.7
Spellcasting   | 8 |  8.9

Action                   |  1- 3 |  4- 6 |  7- 9 | 10-12 || total
-------------------------+-------+-------+-------+-------++-------
Melee: Unarmed           |     5 |       |       |       ||     5
       Club              |    58 |    27 |       |       ||    85
       Bite              |     9 |    13 |    49 |    10 ||    81
       Spear             |       |    39 |     5 |       ||    44
       Whip              |       |    51 |   220 |       ||   271
       Falchion          |       |    13 |    67 |    12 ||    92
       Punch             |       |       |     3 |       ||     3
       Trident           |       |       |    31 |    11 ||    42
       Staff             |       |       |   152 |   151 ||   303
       Dagger            |       |       |    31 |       ||    31
Throw: Boomerang         |       |     3 |     9 |       ||    12
 Cast: Magic Dart        |    14 |    18 |     5 |     1 ||    38
       Call Imp          |    15 |    33 |    40 |     2 ||    90
       Blink             |     1 |       |     2 |     7 ||    10
       Mephitic Cloud    |       |     2 |    20 |     5 ||    27
       Conjure Flame     |       |       |     6 |     3 ||     9
Evoke: Wand              |       |       |       |     1 ||     1
  Use: Scroll            |       |     5 |    13 |     2 ||    20
       Potion            |       |     5 |       |       ||     5
 Stab: Sleeping          |     4 |     5 |     8 |     1 ||    18
       Paralysed         |       |     1 |       |       ||     1
       Distracted        |       |       |     3 |       ||     3
       Confused          |       |       |    13 |       ||    13
  Eat: Chunk             |     2 |     7 |    18 |     2 ||    29
       Ration            |       |       |       |     1 ||     1
Armor: Robe              |    11 |    31 |    17 |       ||    59
       Ring mail         |       |       |   131 |    45 ||   176
Dodge: Dodged            |    68 |   122 |   283 |    80 ||   553
Block: Buckler           |       |       |    66 |    22 ||    88
       Rpst.: Falchion   |       |     2 |    12 |     1 ||    15
